cohdb
Replays
Latest Replays
All Replays
Popular Replays
Top Player Replays
Match Explorer
How It Works
Community
CoH3 Stats
Reddit
Sign in to upload your games and track your stats! →
Sign in with Steam
Match 46488697
Unlisted
Match 46488697
Overview
Messages
Build Orders
End
Construct Section Command Post
Infantry Section
Infantry Section
Dingo Light Scout Car
Royal Engineer Section
Selects Indian Artillery Battlegroup
Selects Towed ML 4.2-inch Heavy Mortar
Construct Platoon Command Post
Towed ML 4.2-inch Heavy Mortar
Infantry Section
6-pounder Anti-tank Gun Team
Vickers Machine Gun Team
Unlock Bishop Self-propelled Artillery
Construct Field Infirmary
Summer Sugar
PaperPiece
Stormless
Grunka Lunka
0
0
Comments
sign in to comment!
No comments posted yet!